 Dungeon Crawl Stone Soup version 0.22-a0-565-gfc6459a524 (webtiles) character file.

83 Brozuf the Magician (level 4, -1/24 HPs)
             Began as a Deep Elf Fire Elementalist on June 28, 2018.
             Killed from afar by Ijyb (6 damage)
             ... with a wand of flame (18)
             ... on level 3 of the Dungeon.
             The game lasted 00:06:43 (3228 turns).

Brozuf the Magician (Deep Elf Fire Elementalist)    Turns: 3228, Time: 00:06:44

Health: -1/24      AC:  3    Str:  6    XL:     4   Next: 22%
Magic:  0/12       EV: 13    Int: 20    God:
Gold:   138        SH:  0    Dex: 15    Spells: 1/11 levels left

rFire    . . .     SeeInvis .   d - +0 dagger
rCold    . . .     Gourm    .   (no shield)
rNeg     . . .     Faith    .   a - +0 robe
rPois    .         Spirit   .   (no helmet)
rElec    .         Reflect  .   (no cloak)
rCorr    .         Harm     .   f - +0 pair of gloves
MR       .....                  (no boots)
Stlth    ++........             (no amulet)
HPRegen  0.08/turn              (no ring)
MPRegen  0.13/turn              (no ring)

@: no status effects
A: no striking features
a: no special abilities


You were on level 3 of the Dungeon.
You were very hungry.

You visited 1 branch of the dungeon, and saw 3 of its levels.

You collected 138 gold pieces.

Inventory:

Hand Weapons
 d - a +0 dagger (weapon)
Missiles
 b - 61 stones (quivered)
Armour
 a - a +0 robe (worn)
 f - a +0 pair of gloves (worn)
Jewellery
 n - a +1 ring of evasion {unknown}
Scrolls
 e - 2 scrolls of remove curse {unknown}
 g - a scroll of enchant weapon {unknown}
 h - 3 scrolls of identify {unknown}
 i - a scroll of teleportation {unknown}
 k - a scroll of amnesia {unknown}
 l - a scroll of enchant armour {unknown}
 m - a scroll of immolation {unknown}
 p - a scroll of fog {unknown}
Potions
 j - a potion of might {unknown}
 o - a potion of mutation {unknown}
 q - a potion of curing {unknown}
Comestibles
 c - 5 rations


   Skills:
 - Level 2.4 Dodging
 - Level 2.4 Stealth
 + Level 4.1 Spellcasting
 * Level 3.2 Conjurations
 + Level 4.0 Fire Magic


You had one spell level left.
You knew the following spells:

 Your Spells              Type           Power        Failure   Level  Hunger
a - Flame Tongue          Conj/Fire      ###..        3%          1    None
b - Throw Flame           Conj/Fire      ###...       4%          2    #......
c - Conjure Flame         Conj/Fire      ###.....     9%          3    ###....
d - Sticky Flame          Conj/Fire      ###.....     28%         4    ####...

Your spell library contained the following spells:

 Spells                   Type           Power        Failure   Level  Hunger
 Fireball                 Conj/Fire      ###.......   63%         5    ######.
 Spider Form              Tmut/Pois      #.........   36%         3    ###....
 Blade Hands              Tmut           #.........   98%         5    ######.
 Ice Form                 Ice/Tmut       #.......     77%         4    ####...
 Sticks to Snakes         Tmut           #.......     19%         2    #......
 Inner Flame              Hex/Fire       ##......     17%         3    ###....
 Beastly Appendage        Tmut           #.....       13%         1    None


Dungeon Overview and Level Annotations

Branches:
Dungeon (3/15)

Altars:
Qazlal
Ru

Annotations:
D:3 Ijyb


Message History

Confirm with . or Enter, or press ? or * to list all spells.
Aiming: Flame Tongue (safe; 3% risk of failure)
Press: ? - help, Shift-Dir - straight line, f/p - Ijyb
Aim: Ijyb, wielding a dagger, wearing a leather armour and carrying a wand of flame (19) (heavily wounded)
The flame tongue misses Ijyb.
Ijyb zaps a wand.
The puff of flame misses you.
Casting: Flame Tongue (safe; 3% risk of failure)
Confirm with . or Enter, or press ? or * to list all spells.
Aiming: Flame Tongue (safe; 3% risk of failure)
Press: ? - help, Shift-Dir - straight line, f/p - Ijyb
Aim: Ijyb, wielding a dagger, wearing a leather armour and carrying a wand of flame (18) (heavily wounded)
The flame tongue misses Ijyb.
Casting: Flame Tongue (safe; 3% risk of failure)
Confirm with . or Enter, or press ? or * to list all spells.
Aiming: Flame Tongue (safe; 3% risk of failure)
Press: ? - help, Shift-Dir - straight line, f/p - Ijyb
Aim: Ijyb, wielding a dagger, wearing a leather armour and carrying a wand of flame (18) (heavily wounded)
The flame tongue hits Ijyb.
Ijyb is severely wounded.
Ijyb zaps a wand.
The puff of flame hits you!
You die...

#.####...#.# #
#...#.#
#########
#<..#.#
...g....#
##..#.# #g#
#...#.# #.#
#..##.# #.#
#.....#
#.#########)####
#g§.@.......#
#############


You could see Ijyb.

Vanquished Creatures
  A hound zombie (D:2)
  An adder (D:2)
  A dart slug (D:3)
  2 leopard geckos
  A ball python (D:1)
  8 bats
  4 giant cockroaches
  10 goblins
  3 hobgoblins
  4 jackals (D:1)
  7 kobolds
  A quokka (D:2)
  A frilled lizard (D:2)
  5 rats
49 creatures vanquished.

Notes
Turn   | Place    | Note
-------+----------+-------------------------------------------
     0 | D:1      | Brozuf the Deep Elf Fire Elementalist began the quest for the Orb.
     0 | D:1      | Reached XP level 1. HP: 10/10 MP: 6/6
   242 | D:1      | Reached XP level 2. HP: 15/15 MP: 5/8
   272 | D:1      | Learned a level 2 spell: Throw Flame
   977 | D:1      | Reached XP level 3. HP: 19/19 MP: 8/10
   998 | D:1      | Learned a level 3 spell: Conjure Flame
  2067 | D:2      | Found a stormy altar of Qazlal.
  2371 | D:2      | Reached XP level 4. HP: 24/24 MP: 4/12
  2435 | D:2      | Learned a level 4 spell: Sticky Flame
  2759 | D:2      | Found a sacrificial altar of Ru.
  3201 | D:3      | Noticed Ijyb
  3228 | D:3      | Killed from afar by Ijyb

Vault maps used:
D:1:      eino_arrival_tree_alley, amethyst_killhole
D:2:      lemuel_round_altar, grunt_qazlal_clouds
D:3:      uniq_ijyb

Skill      XL: |  1  2  3  4 |
---------------+-------------+-----
Conjurations   | 2 3 |  3.2
Spellcasting   | 4 |  4.1
Fire Magic     | 4 |  4.0
Dodging        | |  2.4
Stealth        | |  2.4

Action                   |  1- 3 |  4- 6 || total
-------------------------+-------+-------++-------
Melee: Dagger            |     7 |       ||     7
Throw: Stone             |     2 |     3 ||     5
 Cast: Flame Tongue      |    69 |    16 ||    85
       Throw Flame       |     6 |     6 ||    12
       Conjure Flame     |       |     1 ||     1
  Eat: Chunk             |     4 |     2 ||     6
Armor: Robe              |     7 |     2 ||     9
Dodge: Dodged            |    23 |     8 ||    31

Table legend:
 A = Spawn XP
 B = Non-spawn XP
 C = Spawn XP percentage of total XP
 D = Spawn monster count
 E = Non-spawn monster count
 F = Spawn count percentage of total count
 G = Total turns spent on level
                    A         B        C        D         E        F      G
               +---------+---------+-------+---------+---------+-------+---------
         Total |       0 |     119 |   0.0 |       0 |      49 |   0.0 |  3228
               +---------+---------+-------+---------+---------+-------+---------
           D:1 |       0 |      55 |   0.0 |       0 |      31 |   0.0 |  1644
           D:2 |       0 |      58 |   0.0 |       0 |      16 |   0.0 |  1473
           D:3 |       0 |       6 |   0.0 |       0 |       2 |   0.0 |   111
               +---------+---------+-------+---------+---------+-------+---------
